 Dungeon Crawl Stone Soup version 0.27-a0-760-gc38aae387d (webtiles) character file.

Game seed: 17620800751338444536

100 robertstho the Magician (level 4, -4/24 HPs)
             Began as a Deep Elf Fire Elementalist on Mar 24, 2021.
             Slain by an ice beast (14 damage)
             ... on level 3 of the Dungeon.
             The game lasted 00:03:41 (2386 turns).

robertstho the Magician (DEFE)                      Turns: 2386, Time: 00:03:42

Health: -4/24      AC:  2    Str:  5    XL:     4   Next: 47%
Magic:  5/12       EV: 12    Int: 21    God:
Gold:   63         SH:  0    Dex: 15    Spells: 4/12 levels left

rFire    . . .     SeeInvis .   i - +0 halberd
rCold    . . .     Faith    .   (shield currently unavailable)
rNeg     . . .     Spirit   .   a - +0 robe
rPois    .         Reflect  .   (no helmet)
rElec    .         Harm     .   (no cloak)
rCorr    .         Rampage  .   (no gloves)
Will     .....                  (no boots)
Stlth    ++........             (no amulet)
HPRegen  0.08/turn              (no ring)
MPRegen  0.13/turn              (no ring)

@: no status effects
A: no striking features
a: no special abilities


You were on level 3 of the Dungeon.
You visited 1 branch of the dungeon, and saw 3 of its levels.

You collected 63 gold pieces.

Inventory:

Hand Weapons
 c - a +0 whip
 i - a +0 halberd (weapon)
Armour
 a - a +0 robe (worn)
Scrolls
 b - a scroll of brand weapon {unknown}
 e - a scroll of fear {unknown}
 g - 3 scrolls of teleportation {unknown}
 h - a scroll of magic mapping {unknown}
Potions
 f - a potion of degeneration {unknown}


   Skills:
 + Level 0.1 Fighting
 + Level 2.5 Dodging
 + Level 3.1 Stealth
 + Level 4.6 Spellcasting
 + Level 1.9 Conjurations
 + Level 4.3 Fire Magic


You had 4 spell levels left.
You knew the following spells:

 Your Spells              Type           Power      Damage    Failure   Level
a - Foxfire               Conj/Fire      68%        2x1d7     3%          1
b - Conjure Flame         Conj/Fire      17%        6-21      10%         3
c - Sticky Flame          Conj/Fire      17%        2d4       30%         4

Your spell library contained the following spells:

 Spells                   Type           Power      Damage    Failure   Level
 Shock                    Conj/Air       32%        1d5       8%          1
 Animate Skeleton         Necr           8%         N/A       11%         1
 Beastly Appendage        Tmut           8%         N/A       11%         1
 Freeze                   Ice            16%        1d4       11%         1
 Sandblast                Erth           8%         2d5       11%         1
 Inner Flame              Hex/Fire       13%        N/A       14%         3
 Fireball                 Conj/Fire      8%         3d6       65%         5


Dungeon Overview and Level Annotations

Branches:
Dungeon (3/15)

Altars:
Elyvilon

Shops:
D:1 :


Message History

Confirm with . or Enter, or press ? or * to list all spells.
You conjure some foxfire!
The foxfire hits the ice beast but does no damage.
The ice beast is moderately wounded.
The foxfire hits the ice beast but does no damage.
The ice beast is moderately wounded.
The foxfire hits the ice beast but does no damage.
The ice beast is moderately wounded.
Casting: Foxfire (safe; 3% risk of failure)
Confirm with . or Enter, or press ? or * to list all spells.
You conjure some foxfire!
The foxfire hits the ice beast.
The ice beast is moderately wounded.
The foxfire hits the ice beast.
The ice beast melts!
The ice beast is heavily wounded.
Unknown command.
Casting: Foxfire (safe; 3% risk of failure)
Confirm with . or Enter, or press ? or * to list all spells.
You conjure some foxfire!
The foxfire hits the ice beast!
The ice beast melts!
The ice beast is severely wounded.
The ice beast hits you. The ice beast freezes you!
Unknown command.
Casting: Foxfire (safe; 3% risk of failure)
Confirm with . or Enter, or press ? or * to list all spells.
You conjure some foxfire!
The foxfire hits the ice beast.
The ice beast is almost dead.
The foxfire hits the ice beast.
The ice beast is almost dead.
The foxfire hits the ice beast.
The ice beast melts!
The ice beast is almost dead.
The ice beast barely misses you.
The foxfire hits the ice beast but does no damage.
The ice beast is almost dead.
The foxfire hits the ice beast but does no damage.
The ice beast is almost dead.
Found a leather armour.
Casting: Foxfire (safe; 3% risk of failure)
Confirm with . or Enter, or press ? or * to list all spells.
You conjure some foxfire!
The ice beast hits you. The ice beast freezes you!
Ouch! That really hurt!
You die...

.........##.#.# ..
..............#
#.###########...#.###
#.......# ###.#.#
#.......# #.#†#
#...(.$.# #.#.#
#.......# #.#.#
#......v#######.#.#
#.....@v#.......#.#
#.....Y.#v#######
......!..'........
[........#.#######
...#.....#.# ..
#.###.#.# . #. #.#.#
#. ..#.. #####


You could see an ice beast (ally target).

Vanquished Creatures
  3 gnolls
  3 adders
  3 dart slugs (D:1)
  5 endoplasms
  2 giant cockroaches (D:1)
  5 goblins
  4 hobgoblins
  3 kobolds
  4 ball pythons
  4 bats (D:1)
  2 frilled lizards (D:1)
  3 rats
41 creatures vanquished.

Vanquished Creatures (collateral kills)
  11 foxfires
11 creatures vanquished.

Vanquished Creatures (others)
  158 foxfires
  28 plants (D:2)
186 creatures vanquished.

Grand Total: 238 creatures vanquished

Notes
Turn   | Place    | Note
-------+----------+-------------------------------------------
     0 | D:1      | robertstho the Deep Elf Fire Elementalist began the quest
                  | for the Orb.
     0 | D:1      | Reached XP level 1. HP: 10/10 MP: 6/6
   120 | D:1      | Found Tihun's Book Boutique.
   209 | D:1      | Reached XP level 2. HP: 15/15 MP: 5/8
   821 | D:1      | Reached XP level 3. HP: 17/19 MP: 4/9
  1334 | D:2      | Identified First Steps in Magic
  1738 | D:2      | Found a white marble altar of Elyvilon.
  1770 | D:2      | Reached XP level 4. HP: 24/24 MP: 8/12
  2136 | D:3      | Learned a level 3 spell: Conjure Flame
  2151 | D:3      | Learned a level 4 spell: Sticky Flame
  2376 | D:3      | Noticed an ice beast
  2386 | D:3      | Slain by an ice beast

Illustrated notes

Levels and vault maps discovered:
D:1:      lightli_arrival_farm, layout_basic, serial_shops, nicolae_shop_crystal
D:2:      layout_basic, lemuel_crystal_altar, kennysheep_boxes
D:3:      layout_basic, serial_rivers, chequers_serial_rivers_room_b,
          chequers_serial_rivers_room_a, chequers_serial_rivers_marsh,
          chequers_serial_rivers_micro_c, chequers_serial_rivers_marsh

Skill      XL: |  1  2  3  4 |
---------------+-------------+-----
Fire Magic     | 4 |  4.3
Spellcasting   | 4 |  4.6
Stealth        | 3 |  3.1
Fighting       | |  0.1
Dodging        | |  2.5
Conjurations   | |  1.9

Action                   |  1- 3 |  4- 6 || total
-------------------------+-------+-------++-------
Melee: Halberd           |       |     6 ||     6
 Cast: Foxfire           |    73 |    24 ||    97
  Use: Potion            |       |     1 ||     1
Armor: Robe              |     1 |     3 ||     4
Dodge: Dodged            |     7 |    16 ||    23

Table legend: (Time is in decaauts)
 A = Elapsed time spent in this place.
 B = Non-inter-level travel time spent in this place.
 C = Inter-level travel time spent in this place.
 D = Time resting spent in this place.
 E = Time spent auto-exploring this place.
 F = Levels seen in this place.
 G = Mean time per level.
                   A        B        C        D        E       F      G
               +--------+--------+--------+--------+--------+-----+--------+
         Total |   2408 |   2338 |     70 |    195 |   1883 |   3 |  802.7 |
       Dungeon |   2408 |   2338 |     70 |    195 |   1883 |   3 |  802.7 |
               +--------+--------+--------+--------+--------+-----+--------+

Top non-repeatable levels by time:
     D:1: 1214 daAuts
     D:2: 777 daAuts
     D:3: 417 daAuts
